[Event "1st Bangalore GM-Open-A 2024"]
[Site "Bangalore"]
[Date "2024.01.25"]
[Round "9.21"]
[White "Wagh Suyog"]
[Black "Vishnu Prasanna. V"]
[Result "1-0"]
[ECO "A08"]
[WhiteElo "2266"]
[BlackElo "2413"]
[Annotator "TA"]
[PlyCount "105"]
[EventDate "2024.01.20"]
[EventType "swiss"]
[EventCountry "IND"]
[SourceTitle "playchess.com"]
[Source "ChessBase"]
[SourceQuality "1"]
[TimeControl "5400+30"]

1. Nf3 d5 2. g3 Nf6 3. Bg2 c5 4. O-O h6 5. b3 Bf5 6. Bb2 Nbd7 (6... e6 $11 {is more appropriate.}) 7. e3 e6 8. d3 {[%emt 0:07:54][%cal Bd2d3,Bd3c4][%mdl 32] White is slightly better.} Be7 9. Qe2 O-O 10. c4 Bh7 11. Rd1 a6 12. Nc3 dxc4 13. dxc4 Qc7 14. e4 e5 ({Black should play} 14... Ng4 $14) 15. Bh3 Rfd8 16. Rd2 Bd6 17. Rad1 Nf8 18. Nd5 Nxd5 19. Rxd5 f6 20. Nh4 {[%emt 0:00:21] White has more active pieces.} Be7 21. Bf5 Rxd5 22. exd5 g6 23. Bc2 Bd6 24. Qe3 Qg7 25. Re1 Re8 26. Bc3 Nd7 27. a4 f5 28. f4 Qf8 29. Bb2 ({White should try} 29. g4 $16 {aiming for gxf5.} fxg4 30. Nxg6 (30. Bxg6 Bxg6 31. Nxg6 Qf5 $16)) 29... e4 30. Qc3 {[%emt 0:00:09] Intending Qh8+ and mate.} Kf7 31. Ng2 $36 {[%emt 0:00:25][%mdl 2048] White is pushing.} Be7 {[%emt 0:02:59] ...Bf6 is the strong threat.} 32. Qd2 Bf6 33. Bxf6 Nxf6 34. Ne3 Qd6 35. a5 Rg8 36. Rf1 Ne8 (36... Rb8 $16) 37. Qc3 Qf6 {[%emt 0:00:25] [#]} 38. Qe5 g5 $2 (38... Qd6 {might work better.} 39. Kg2 h5) 39. Qxf6+ $2 (39. Ng4 $18 Qxe5 (39... fxg4 $2 {loses.} 40. fxg5 $18) 40. fxe5) 39... Nxf6 (39... Kxf6 $16 40. fxg5+ Ke5) 40. Bd1 g4 {[%emt 0:00:56] [#]} (40... Ne8 {was necessary.} 41. fxg5 Rxg5) 41. Kf2 (41. b4 $1 $18 {and the rest is easy.}) 41... Rc8 (41... Ke7 $16 {was worth a try.} 42. Bc2 Rg7) 42. Be2 $18 Ne8 43. Rb1 Nd6 44. Ke1 Rb8 $2 (44... b5 $16) 45. b4 Rc8 46. Kd2 cxb4 47. Rxb4 Ke7 48. Kc3 {[%emt 0:01:21] Hoping for Kd4.} Nb5+ 49. Kb2 Nd6 50. Kc3 {[%emt 0:00:04] Black must now prevent Kd4.} Nb5+ 51. Kb2 Nd6 52. Ka3 Bg6 $2 (52... Rc5 53. Ka4 b5+ 54. axb6 Nb7) 53. Rb6 {[%emt 0:00:16] Weighted Error Value: White=0.37/Black=0.33.  Loses game:     	---       	Black=1      Missed win:     	White=2     	---        Mistake:       	White=1     	Black=8      Inaccurate:     	White=1     	Black=2      OK:         	White=19    	Black=16     Best:        	White=2     	Black=2} 1-0

[Event "1st Bangalore GM-Open-A 2024"]
[Site "Bangalore"]
[Date "2024.01.25"]
[Round "9.22"]
[White "Viani Antonio Dcunha"]
[Black "Rajarishi Karthi"]
[Result "1-0"]
[ECO "C02"]
[WhiteElo "2407"]
[BlackElo "2183"]
[Annotator "TA"]
[PlyCount "103"]
[EventDate "2024.01.20"]
[EventType "swiss"]
[EventCountry "IND"]
[SourceTitle "playchess.com"]
[Source "ChessBase"]
[SourceQuality "1"]
[TimeControl "5400+30"]

1. e4 e6 2. d4 d5 3. e5 c5 4. c3 Nc6 5. Nf3 Nge7 6. Na3 Nf5 7. Nc2 cxd4 8. cxd4 Nh4 9. Nxh4 Qxh4 10. Be2 Nb4 {[%emt 0:12:22] White has an edge.} 11. Ne3 Nc6 12. Nc2 Nb4 13. O-O Nxc2 14. Qxc2 {[%emt 0:01:08] aiming for Bb5+.} Qd8 15. Be3 {[%emt 0:06:03] White is much more active.} Be7 16. Bd3 g6 17. Bh6 Bd7 18. Qd2 Qb6 19. Qe3 f5 20. Rfc1 Bc6 21. Rc2 Kd7 22. Rac1 (22. Bg7 $16) 22... Rac8 (22... Rhc8 $11) 23. Bg7 $14 Rhg8 24. Bf6 Rgf8 25. Bxe7 Kxe7 26. Qf4 {[%emt 0:01:34] Qh4+ would now be deadly.} Kf7 27. h4 Bd7 {[%emt 0:02:20] [#]} (27... Kg8 $14) 28. h5 $1 $18 {[%emt 0:02:06][%mdl 512] Qh6 is the strong threat.} Rxc2 29. Rxc2 {[%emt 0:00:13] Threatens to win with Qh6.} (29. Bxc2 Qxb2 30. Qh6 Ke8 $11) 29... Bc6 (29... Kg8 $142 30. Be2 Qd8 31. hxg6 hxg6) 30. b3 $2 (30. Qh6 $18 Qxd4 31. Qxh7+ Ke8 32. Qxg6+ Kd8 33. Qg7) 30... Rg8 ({Black should try} 30... Kg7) 31. Rc5 $16 Qd8 (31... g5 $16 32. Qd2 h6) 32. Be2 (32. b4 $1 $18 {Strongly threatening Qc1.} gxh5 33. Qh6) 32... g5 (32... gxh5 $16 {might work better.} 33. Bxh5+ Kg7) 33. Qc1 $18 h6 (33... Qb6 {keeps fighting.} 34. Qc3 g4) 34. b4 Rg7 35. b5 Be8 36. Rc8 Qb6 37. Qc5 g4 (37... Qxc5 $142 38. dxc5 Kf8) 38. Rc7+ $2 (38. Ra8 Qxc5 39. dxc5) 38... Kg8 39. Rc8 $40 {[%emt 0:00:14][%mdl 128] White attacks.} (39. Qxb6 $16 axb6 40. Rc8) 39... Kf7 40. g3 {[%emt 0:00:11] White is clearly winning.} f4 (40... Qxc5 $142 41. dxc5 Kf8) 41. gxf4 {[%emt 0:00:40] Hoping for Rc7+.} g3 42. Rc7+ Kg8 43. Rxg7+ Kxg7 44. Qxb6 {[%emt 0:00:51] Threatening mate with Qc7+.} gxf2+ 45. Kxf2 axb6 {[%emt 0:00:08][%mdl 4096] Endgame. KB-KB} 46. a4 Bf7 47. Bg4 Kf8 48. Kg3 Ke7 49. Kh4 Bg8 50. f5 Bh7 {[%emt 0:01:38] [#]} 51. f6+ $1 ({Worse is} 51. fxe6 Bc2 $11) 51... Kf7 {[%emt 0:00:09] [#]} 52. Bd1 $1 {[%emt 0:00:10] Weighted Error Value: White=0.36/Black=0.39.  Mistake:       	White=5     	Black=9      Inaccurate:     	White=2     	Black=4      OK:         	White=15    	Black=9      Best:        	White=1     	Black=1} 1-0

[Event "1st Bangalore GM-Open-A 2024"]
[Site "Bangalore"]
[Date "2024.01.25"]
[Round "9.23"]
[White "Prasad, Devaki V"]
[Black "Thilakarathne, G M H"]
[Result "1/2-1/2"]
[ECO "B43"]
[WhiteElo "2229"]
[BlackElo "2391"]
[Annotator "TA"]
[PlyCount "61"]
[EventDate "2024.01.20"]
[EventType "swiss"]
[EventCountry "IND"]
[SourceTitle "playchess.com"]
[Source "ChessBase"]
[SourceQuality "1"]
[TimeControl "5400+30"]

1. e4 c5 2. Nc3 a6 3. Nf3 b5 4. d4 cxd4 5. Nxd4 Bb7 6. Bd3 e6 7. O-O Qc7 8. a3 Nf6 9. Kh1 h5 10. f4 Ng4 (10... h4 {vereinfacht} 11. h3 Nc6 12. Be3 Nxd4 13. Bxd4 Be7) 11. Qe2 g5 12. e5 $16 (12. fxg5 $2 Qxh2#) 12... Qb6 (12... Nc6 $16) 13. Nb3 (13. Nf3 $18) 13... Bg7 14. Ne4 (14. fxg5 Qc7 $14) 14... Bxe4 15. Bxe4 (15. Qxe4 $6 Nc6 $14) 15... Nc6 16. a4 {[%emt 0:00:25] [#] Droht stark axb5.} Rc8 17. axb5 (17. fxg5 bxa4 18. Rxa4 Qb5 19. Qxb5 (19. Rxa6 $2 Qxe2 20. Bd3 Nf2+ 21. Kg1 Nxd3 $19) 19... axb5 $15) 17... axb5 18. c3 (18. fxg5 Ncxe5 19. h3 f5 20. gxf6 Nxf6 $16) (18. g3 $16) 18... gxf4 $14 19. Bxc6 (19. Bxf4 $5 Ncxe5 20. h3 $14) 19... Qxc6 20. Bxf4 {[%emt 0:02:08] Droht Nd2 und aus.} Qc4 21. Qd1 (21. Qxc4 bxc4 22. Nd2 Nxe5 $19 (22... Bxe5 23. Nxc4 Bxf4 24. Rxf4 $11)) 21... Nxe5 22. Qd6 Qxb3 (22... Qc7 $11 {hält das Gleichgewicht.} 23. Qd4 h4) 23. Bxe5 Bxe5 24. Qxe5 Rf8 25. Rf2 {[%emt 0:01:50][%cal Of2d2][%mdl 1024] Weiss hat Kompensation.} h4 (25... b4 $11) 26. h3 ({Vorzuziehen ist} 26. Rd2 $14 Qc4 27. Rd4) 26... Qc4 (26... b4 $11) 27. Rf4 Qc5 28. Qf6 Qe7 29. Qe5 {[%emt 0:00:24] Weiß steht deutlich aktiver.} (29. Qxh4 Qxh4 30. Rxh4 Ke7 $18) 29... Qc5 $1 30. Qf6 Qe7 31. Qe5 {[%emt 0:00:09] Schwarz hat sich erfolgreich gewehrt.   Gewichteter Fehlerwert: Weiß=0.30/Schwarz=0.24 (präzise) .  Fehler:       	Weiß=4     	Schwarz=5     Ungenau:       	Weiß=4     	Schwarz=2     OK:         	Weiß=8     	Schwarz=5     Bester:       	---       	Schwarz=4     Stark:        	---       	Schwarz=1} (31. Qxh4 Qxh4 32. Rxh4 Ke7 $16) ({Besser ist} 31. Qh6 $16) 1/2-1/2

[Event "1st Bangalore GM-Open-A 2024"]
[Site "Bangalore"]
[Date "2024.01.25"]
[Round "9.24"]
[White "Aradhya, Garg"]
[Black "Nguyen Thanh Thuy Tien"]
[Result "1-0"]
[ECO "D85"]
[WhiteElo "2390"]
[BlackElo "2118"]
[Annotator "TA"]
[PlyCount "83"]
[EventDate "2024.01.20"]
[EventType "swiss"]
[EventCountry "IND"]
[SourceTitle "playchess.com"]
[Source "ChessBase"]
[SourceQuality "1"]
[TimeControl "5400+30"]

1. d4 Nf6 2. c4 g6 3. Nc3 d5 4. Nf3 Bg7 5. cxd5 Nxd5 6. e4 Nxc3 7. bxc3 c5 8. Bb5+ Bd7 9. Rb1 cxd4 10. cxd4 Qa5+ 11. Qd2 Qxd2+ {[%emt 0:00:13] White is slightly better.} 12. Bxd2 b6 13. Ke2 Bxb5+ 14. Rxb5 Nc6 15. d5 Nd4+ 16. Nxd4 Bxd4 17. Rc1 Kd7 18. Rb4 Bc5 19. Rbc4 e6 20. dxe6+ Kxe6 21. Be3 Bd6 22. f4 f6 23. g3 h5 24. Bd4 {[%emt 0:03:12] Black must now prevent Rc6.} Rhe8 25. Rc6 {[%emt 0:03:17] aiming for e5.} Rad8 26. Kf2 {[%emt 0:11:20] White is more active.} Kf7 {[%emt 0:01:32] [#]} 27. Bxf6 $1 Kxf6 28. e5+ Kf5 29. exd6 $14 {[%emt 0:01:18][%mdl 4096] Endgame. KRR-KRR} Re6 ({Black should play} 29... Rd7 $14) 30. Rd1 $16 Kg4 $2 {[%emt 0:02:50][%mdl 8192] [#] Loses the game.} (30... Ke4 $16 {was necessary.} 31. Rc4+ Kf5) 31. h3+ $1 Kf5 32. Kf3 Rd7 $2 (32... b5 33. g4+ Kf6) 33. Rc7 Rxc7 34. g4+ ({Weaker is} 34. dxc7 Rc6 $16) 34... hxg4+ 35. hxg4+ {[%emt 0:00:02] White mates.} Kf6 36. dxc7 {[%emt 0:00:05] KR-KR} Rc6 {[%emt 0:00:09] [#]} 37. Rd6+ $3 Rxd6 38. c8=Q ({And not} 38. c8=R g5 $17) 38... a5 39. Qf8+ Ke6 40. f5+ gxf5 41. gxf5+ Kd5 42. f6 {[%emt 0:00:07] Weighted Error Value: White=0.10 (very precise) /Black=0.42.  Loses game:     	---       	Black=1      Mistake:       	---       	Black=2      Inaccurate:     	White=1     	Black=2      OK:         	White=9     	Black=9      Best:        	White=3     	Black=1} 1-0

[Event "1st Bangalore GM-Open-A 2024"]
[Site "Bangalore"]
[Date "2024.01.25"]
[Round "9.26"]
[White "Daaevik Wadhawan"]
[Black "Subhayan Kundu"]
[Result "1/2-1/2"]
[ECO "A30"]
[WhiteElo "1997"]
[BlackElo "2385"]
[Annotator "RC"]
[PlyCount "101"]
[EventDate "2024.01.20"]
[EventType "swiss"]
[EventCountry "IND"]
[SourceTitle "playchess.com"]
[Source "ChessBase"]
[SourceQuality "1"]
[TimeControl "5400+30"]

1. Nf3 Nf6 2. g3 g6 3. b3 c5 4. Bb2 Bg7 5. c4 b6 6. Bg2 Bb7 7. O-O O-O 8. d4 cxd4 9. Qxd4 Nc6 10. Qd2 d5 11. cxd5 Qxd5 12. Nd4 Ne4 13. Nxc6 Qxc6 14. Bxg7 Kxg7 15. Qb2+ Qf6 16. Qxf6+ Kxf6 17. Rd1 Rfd8 18. Nd2 Rxd2 19. Rxd2 Nxd2 20. Bf3 Be4 21. Bxe4 Rb8 22. Bc6 Rc8 23. Bb5 Ne4 24. f3 Nc3 25. Bd3 Ke5 26. Kf2 Kd4 27. a3 b5 28. g4 h6 29. h4 Rc7 30. Re1 e5 31. Bc2 Rd7 32. Rc1 Rc7 33. e3+ Kd5 34. Bd3 a5 35. Ke1 Kd6 36. Kd2 b4 37. axb4 axb4 38. Ra1 Nd5 39. Ra6+ Rc6 40. Rxc6+ Kxc6 41. g5 hxg5 42. hxg5 Nc7 43. Bc4 Ne6 44. Bxe6 fxe6 45. Kd3 Kd5 46. e4+ Kc5 47. Ke3 Kd6 48. Ke2 Kc6 49. Kd3 Kc5 50. Ke3 Kd6 51. f4 1/2-1/2

[Event "1st Bangalore GM-Open-A 2024"]
[Site "Bangalore"]
[Date "2024.01.25"]
[Round "9.27"]
[White "Ayush Sharma"]
[Black "Kumar, Gaurav"]
[Result "1/2-1/2"]
[ECO "B30"]
[WhiteElo "2378"]
[BlackElo "1953"]
[Annotator "TA"]
[PlyCount "110"]
[EventDate "2024.01.20"]
[EventType "swiss"]
[EventCountry "IND"]
[SourceTitle "playchess.com"]
[Source "ChessBase"]
[SourceQuality "1"]
[TimeControl "5400+30"]

1. e4 c5 2. Nf3 Nc6 3. Bb5 Nf6 4. Nc3 Qc7 5. O-O Nd4 6. Re1 e5 7. Nxd4 cxd4 8. Nd5 {[%emt 0:00:03] White has an edge.} Nxd5 9. exd5 {[%emt 0:00:03] Strongly threatening Qh5.} Bd6 10. c3 O-O 11. Qh5 Qc5 12. Bd3 {[%emt 0:01:02][%csl Gd3][%cal Rh5h7] [#]} g6 13. Qh4 Qxd5 14. cxd4 (14. Bc2 $11) 14... Qxd4 $15 15. Qxd4 exd4 16. Be4 Re8 17. d3 {[%emt 0:05:12] [#]} Bxh2+ 18. Kxh2 $11 {[%emt 0:00:06] aiming for Bf4.} d5 19. Bg5 dxe4 20. dxe4 f5 21. e5 Be6 22. Red1 Rac8 23. Rxd4 Rc2 24. Rd2 Rxd2 25. Bxd2 {[%emt 0:00:02][%mdl 4096] Endgame. KRB-KRB} Bd5 26. Bc3 Kf7 27. Kg3 Ke6 28. f3 Rd8 29. a4 Bc6 30. a5 a6 31. Rh1 Rd7 32. Kf4 Bb5 33. Kg5 Bc6 34. Kh6 Bb5 35. Rh4 Bc6 36. Rc4 Rf7 37. Rf4 Bd5 38. Kg5 Bc6 39. Rh4 f4 40. Rxf4 h6+ 41. Kg4 $1 (41. Kxh6 $2 {loses.} Rxf4 42. Kg5 Rf5+ 43. Kh4 Rh5+ 44. Kg3 Rh1 $19) 41... h5+ 42. Kg5 Rxf4 43. Kxf4 $16 {[%emt 0:00:02] KB-KB} Bb5 44. Kg5 Bd3 45. b4 Kf7 46. Be1 Bf1 47. g3 Bd3 48. f4 Be4 49. Bf2 Bf5 50. Bb6 Ke6 51. Kh6 {[%emt 0:00:08] White is more active.} Kf7 52. Bd8 Be6 53. Bf6 Bf5 54. Bh8 Bd7 55. Bf6 ({White should play} 55. Kg5 $16) 55... Ke6 $2 {[%emt 0:00:12][%mdl 40960] Weighted Error Value: White=0.08 (flawless) /Black=0.09 (flawless) .  Loses game:     	---       	Black=1      Mistake:       	White=2     	Black=1      Inaccurate:     	White=4     	Black=7      OK:         	White=20    	Black=18     Best:        	White=1     	Black=2      Strong:       	White=1     	---       . An unexpected result.} (55... Bf5 $11) 1/2-1/2

[Event "1st Bangalore GM-Open-A 2024"]
[Site "Bangalore"]
[Date "2024.01.25"]
[Round "9.28"]
[White "Alekhya Mukhopadhyay"]
[Black "Nguyen Van Huy"]
[Result "0-1"]
[ECO "B19"]
[WhiteElo "2184"]
[BlackElo "2364"]
[Annotator "TA"]
[PlyCount "90"]
[EventDate "2024.01.20"]
[EventType "swiss"]
[EventCountry "IND"]
[SourceTitle "playchess.com"]
[Source "ChessBase"]
[SourceQuality "1"]
[TimeControl "5400+30"]

1. e4 c6 2. d4 d5 3. Nc3 dxe4 4. Nxe4 Bf5 5. Ng3 Bg6 6. h4 h6 7. Nf3 Nd7 8. h5 Bh7 9. Bd3 Bxd3 10. Qxd3 e6 11. Bf4 Qa5+ 12. Bd2 Bb4 13. c3 Be7 {[%emt 0:00:36] Die Stellung ist ausgeglichen.} 14. c4 Qa6 15. Ne4 Ngf6 16. b3 Rd8 17. Nxf6+ Nxf6 18. Qc2 O-O 19. O-O-O {[%emt 0:00:00] Schwarz hat alles unter Kontrolle.} (19. Kf1 $15) 19... c5 $17 20. dxc5 Bxc5 21. Bc3 Ng4 22. Qe2 (22. Rhf1 $17) 22... Nxf2 $19 (22... Bxf2 23. Ne5 Nxe5 24. Qxe5 $11) 23. Qe5 $2 (23. Rxd8 {einziger Zug.} Rxd8 (23... Nxh1 24. Qe5 $14) 24. Rf1) 23... Rxd1+ 24. Rxd1 {[%emt 0:00:36][%csl Gc3][%cal Re5g7] [#]} Ba3+ 25. Kb1 f6 (25... Nxd1 26. Qxg7#) 26. Qe2 Nxd1 27. Qxd1 Qd6 28. Qe2 a6 29. Nd4 Re8 30. Qf3 (30. Nc2 $142 Bc5 31. Qe4) 30... Rd8 31. Kc2 Bc5 32. Ne2 b5 (32... Qd1+ $142 33. Kb2 Rd3 34. Qe4 Re3 35. Ng3 Rxe4 (35... Rxg3 $2 36. Qxe6+ Kh8 37. Qe8+ $19) 36. Nxe4 Be3 (36... Qxh5 $2 37. Nd2 $19) 37. a4 Bc1+ (37... Qxh5 $2 38. Bxf6 Qg6 39. Bc3 $19) 38. Ka1 Bd2+ (38... Qxb3 $2 39. g3 $19) 39. Kb2 Qc1+ 40. Ka2 Bxc3 41. Nxc3 Qc2+ (41... Qxc3 42. b4 Qxb4 43. g3 Qxc4+ 44. Kb1 e5 45. Kb2 e4 46. g4 e3 47. g5 e2 48. gxh6 gxh6 49. a5 e1=Q 50. Ka3 Qec3#) 42. Ka3 Qxc3 43. g4 e5 44. Ka2 e4 45. c5 e3 (45... Qxc5 46. Kb2 e3 47. g5 e2 48. gxf6 e1=Q 49. f7+ Kxf7 50. Ka2 Qe2+ 51. Kb1 Qg1#) 46. c6 e2 (46... bxc6 47. g5 e2 48. gxf6 e1=Q 49. f7+ Kxf7 50. Ka3 Qea1#) 47. cxb7 e1=Q (47... e1=B $2 48. b8=Q+ Kh7 49. Qf4 $19) (47... Qd2+ 48. Ka3 e1=Q 49. b8=R+ Kh7 50. Rh8+ Kxh8 51. g5 Qec1#) 48. b8=Q+ Kh7 49. Qg8+ Kxg8 50. Ka3 Qea1#) 33. Nf4 Bd4 34. Ba5 Re8 35. Qe4 bxc4 36. bxc4 f5 37. Qf3 Qc5 38. Qd3 e5 39. Bc3 Bxc3 40. Qd7 Qc8 41. Qd5+ Kh7 {[%emt 0:00:07] [#] Und jetzt ...Ba1 wäre schön.} 42. Ng6 Bb4 {[%emt 0:00:21] ( -> ...Rd8)} 43. Kb3 Bc5 44. Qf7 Qe6 (44... Qc6 $142 45. Qd5 Qb6+ 46. Kc3 Rb8 (46... Qa5+ {wird mattgesetzt.} 47. Kd3 Qa3+ 48. Ke2 Qe3+ 49. Kd1 Rb8 50. Nf8+ Bxf8 51. Qd2 Rb1+ 52. Kc2) 47. Qxe5 Qb2+ 48. Kd3 Qb1+ (48... Rd8+ 49. Qd5 Qb1+ 50. Kd2 Rxd5+ 51. cxd5 Bb4+ 52. Ke3 Qe4+ 53. Kf2 Be1+ 54. Kf1 Bg3 55. Nf8+ Kg8 56. Ng6 Qe1#) 49. Kd2 Qxa2+ 50. Kd3 Rb3+ 51. Qc3 Qb1+ (51... Rxc3+ {ist ein Selbstmatt.} 52. Kxc3 Qb1 53. Nf8+ Kg8 54. Kd2 Bb4+ 55. Ke3 Qe4+ 56. Kf2 Bc5+ 57. Kf1 Qe3 58. Ng6 Qf2#) 52. Kd2 Rxc3 (52... Rb2+ {führt zum Matt.} 53. Qxb2 Qxb2+ 54. Kd3 Qb3+ 55. Ke2 Qc2+ 56. Ke1 Qf2+ 57. Kd1 Be3 58. Nf8+ Kg8 59. Ng6 Qd2#) 53. Nf8+ Bxf8 54. Kxc3 Bb4+ 55. Kd4 Qe4#) 45. Qc7 Qb6+ {[%emt 0:00:13] Gewichteter Fehlerwert: Weiß=1.08/Schwarz=0.39.  Fehler:       	Weiß=4     	---        Ungenau:       	Weiß=3     	Schwarz=1     OK:         	Weiß=6     	Schwarz=9     Bester:       	---       	Schwarz=2} 0-1

[Event "1st Bangalore GM-Open-A 2024"]
[Site "Bangalore"]
[Date "2024.01.25"]
[Round "9.29"]
[White "Lasya.g"]
[Black "Fawzy, Adham"]
[Result "0-1"]
[ECO "B32"]
[WhiteElo "1945"]
[BlackElo "2522"]
[Annotator "RC"]
[PlyCount "97"]
[EventDate "2024.01.20"]
[EventType "swiss"]
[EventCountry "IND"]
[SourceTitle "playchess.com"]
[Source "ChessBase"]
[SourceQuality "1"]
[TimeControl "5400+30"]

1. e4 c5 2. Nf3 Nc6 3. d4 cxd4 4. Nxd4 e5 5. Nb5 d6 6. c4 Be7 7. N1c3 a6 8. Na3 Be6 9. Be2 Bg5 10. Nc2 h6 11. Bg4 Bxc4 12. Bxg5 hxg5 13. Ne3 Be6 14. Bxe6 fxe6 15. Nc4 Nd4 16. Ne2 b5 17. Nxd4 exd4 18. Nd2 Nf6 19. a4 g4 20. Qb3 Kf7 21. axb5 axb5 22. O-O Rh5 23. f4 Rxa1 24. Rxa1 Qc7 25. f5 d5 26. fxe6+ Kg6 27. e5 Qxe5 28. Qd3+ Ne4 29. Nf1 Rf5 30. Re1 Qxe6 31. Qxd4 Qf6 32. Qxf6+ Nxf6 33. Rd1 Re5 34. Nd2 Re3 35. Kf2 d4 36. Re1 Nd5 37. Rd1 Nf4 38. Kf1 Kf5 39. g3 Nd3 40. b3 Ke5 41. Ra1 Kd5 42. Rb1 Ne5 43. Kf2 Rc3 44. Ke2 Rc2 45. Kd1 Ra2 46. Rc1 Nf3 47. Rc2 Rxc2 48. Kxc2 Nxd2 49. Kxd2 0-1

[Event "1st Bangalore GM-Open-A 2024"]
[Site "Bangalore"]
[Date "2024.01.25"]
[Round "9.30"]
[White "Das, Sayantan"]
[Black "Rosh Jain"]
[Result "1-0"]
[ECO "B51"]
[WhiteElo "2514"]
[BlackElo "2221"]
[Annotator "TA"]
[PlyCount "97"]
[EventDate "2024.01.20"]
[EventType "swiss"]
[EventCountry "IND"]
[SourceTitle "playchess.com"]
[Source "ChessBase"]
[SourceQuality "1"]
[TimeControl "5400+30"]

1. e4 c5 2. Nf3 d6 3. Bb5+ Nd7 4. c4 Ngf6 5. Nc3 a6 6. Ba4 g6 7. O-O Bg7 8. d3 {[%emt 0:01:50] White has an edge.} O-O 9. h3 e5 10. a3 b6 11. b4 Qc7 12. Bd2 Bb7 13. Rb1 Rab8 14. Nh2 Rfd8 15. Ng4 h5 (15... Nxg4 $14 16. hxg4 (16. Qxg4 Nf8 $14) 16... Rdc8) 16. Nh6+ $16 Bxh6 17. Bxh6 Nf8 ({Better is} 17... cxb4 18. axb4 b5) 18. f4 exf4 19. Rxf4 N6d7 20. Qd2 {[%emt 0:08:12] White is much more active.} Ne6 (20... Ne5 $142 21. Rbf1 Rbc8) 21. Rf2 $18 {[%emt 0:07:24] Nd5 would now be deadly.} Ne5 22. Rbf1 Rdc8 23. Nd5 Bxd5 24. exd5 Ng7 25. Bg5 {[%emt 0:01:24] Hoping for Bf6.} Rf8 (25... f5 $142) 26. Bf6 Kh7 {[%emt 0:01:03] Wards off Qh6+} 27. Bc2 {[%emt 0:00:43] This pair of bishops is nice.} Ne8 $2 (27... Nd7 {is more resistant.} 28. d4 Nxf6) 28. Bd1 $2 (28. d4 $18 Nd7 (28... cxd4 $2 29. Bxe5 dxe5 30. Qg5 $18) 29. Be7) 28... Nxf6 $14 29. Rxf6 Kg7 {[%emt 0:04:18] [#]} ({Black should play} 29... h4 $1 $14) 30. Bxh5 $1 $16 Rbe8 (30... a5 31. Qg5) 31. Be2 $36 {[%emt 0:02:45][%mdl 2048] White has strong initiative.} Qe7 32. R6f2 (32. Qf4 $142) 32... f5 33. d4 Nd7 34. Bd1 Nf6 35. dxc5 bxc5 36. Ba4 Rc8 37. Bc6 Ne4 38. Qb2+ Kg8 39. Rf3 cxb4 40. axb4 Rb8 41. b5 Qa7+ 42. Kh2 a5 43. Rb1 Qc5 (43... g5 $16) 44. Bd7 $18 Qxc4 $2 (44... Qb4 45. Qxb4 axb4 46. Rxb4 Kg7) 45. Be6+ Kh7 46. Rc1 ({Less strong is} 46. b6 Nc5 $16) 46... Qxb5 47. Rc7+ {[%emt 0:00:07] White mates.} Kh6 48. Qg7+ Kg5 {[%emt 0:00:06] [#]} 49. h4+ $1 {[%emt 0:00:05][%mdl 512] Weighted Error Value: White=0.24 (precise) /Black=0.37.  Missed win:     	White=1     	---        Mistake:       	White=1     	Black=8      Inaccurate:     	---       	Black=1      OK:         	White=21    	Black=12     Best:        	White=1     	Black=1      Brilliant:      	White=1     	---} 1-0

[Event "1st Bangalore GM-Open-A 2024"]
[Site "Bangalore"]
[Date "2024.01.25"]
[Round "9.31"]
[White "Ajay Santhosh Parvathareddy"]
[Black "Savchenko, Boris"]
[Result "0-1"]
[ECO "B13"]
[WhiteElo "2204"]
[BlackElo "2489"]
[Annotator "TA"]
[PlyCount "106"]
[EventDate "2024.01.20"]
[EventType "swiss"]
[EventCountry "IND"]
[SourceTitle "playchess.com"]
[Source "ChessBase"]
[SourceQuality "1"]
[TimeControl "5400+30"]

1. d4 d5 2. Nf3 c5 3. e3 cxd4 4. exd4 Nc6 5. c4 Nf6 6. Bg5 e6 7. cxd5 Qxd5 8. Nc3 {[%emt 0:00:23] White has an edge.} Bb4 9. a3 (9. Bxf6 $14 gxf6 10. Bd3) 9... Bxc3+ $15 10. bxc3 Ne4 11. Bd2 O-O 12. c4 Qf5 {[%emt 0:01:21][%cal Oc6d4] White must now prevent ...Nxd4!} 13. Be3 (13. Bd3 $11 Nxd4 14. Bb4) 13... Qa5+ $17 {[%emt 0:00:43] Black keeps a firm grip on the game.} 14. Bd2 Nxd2 15. Qxd2 Rd8 16. Qxa5 Nxa5 17. Be2 b6 18. Rb1 Bb7 19. O-O Rac8 {[%emt 0:05:50][%cal Ob7f3] ...Bxf3! would now be deadly.} 20. c5 bxc5 21. Rb5 {[%emt 0:00:14] [#]} (21. dxc5 $17 {was the only defense.} Rxc5 22. Rfc1 Rxc1+ 23. Rxc1) 21... Ba6 $1 $19 (21... Bxf3 22. Bxf3 Nc4 23. Rxc5 $15) 22. Rxa5 Bxe2 23. Re1 Bxf3 24. gxf3 cxd4 25. Rxa7 {[%emt 0:00:08][%mdl 4096] Endgame. KRR-KRR} Rc3 26. Rd1 g6 (26... Rxf3 27. Rxd4 Rc8 28. Rc4 $17) 27. Kg2 Rd5 28. f4 d3 29. Rd2 Rd4 30. Kg3 Kg7 31. a4 h5 32. a5 Ra3 33. a6 Kf6 34. f3 h4+ 35. Kxh4 (35. Kf2 $142) 35... g5+ (35... Rxf4+ 36. Kg3 Rd4 37. Kf2 $19) 36. Kg3 (36. Kg4 {was necessary.}) 36... gxf4+ ({Less strong is} 36... Rxf4 37. Rd7 $17) 37. Kg2 Rd6 (37... Rd8 $142 {Threatens to win with ...Rg8+.} 38. h4 Ra1) 38. Kh3 $2 (38. Rb7) 38... e5 (38... Raxa6 39. Rxa6 Rxa6 40. Rxd3 $15) 39. Ra8 Rdxa6 40. Rxa6+ Rxa6 41. Rxd3 {[%emt 0:00:04] KR-KR} Ra2 42. Rb3 Rf2 $2 (42... Kf5 43. Rc3 Rf2) 43. Kg4 {[%emt 0:02:06] [#]} Kg6 ({And not} 43... Rxh2 44. Rb6+ Kg7 45. Kf5 $11) (43... Rg2+ $1 $19 44. Kh3 Rg8) 44. Kh3 $2 (44. Rb6+ $17 f6 45. Rd6) 44... Kg5 {[%emt 0:00:10] And now ...f5 would win.} 45. Ra3 f5 46. Rb3 e4 47. Ra3 e3 ({Stronger than} 47... Rxf3+ 48. Rxf3 exf3 $11) 48. Ra2 Rxf3+ 49. Kg2 Kg4 {[%emt 0:00:06] Black mates.} 50. Kg1 Rh3 51. Ra8 f3 52. Re8 Kf4 53. Kh1 Rh7 {[%emt 0:00:10] Weighted Error Value: White=0.74/Black=0.18 (very precise) .  Loses game:     	White=1     	---        Mistake:       	White=6     	Black=1      Inaccurate:     	White=2     	Black=3      OK:         	White=11    	Black=21     Best:        	White=1     	Black=5      Strong:       	---       	Black=1} 0-1